 Dungeon Crawl Stone Soup version 0.29.0-4-gdea44cf6ec (webtiles) character file.

Game seed: 6299021902369272183

60 qw the Chopper (level 4, 0/26 HPs)
             Began as a Tengu Warper on Aug 28, 2022.
             Slain by a gnoll
             ... wielding a +0 spear
              (7 damage)
             ... on level 3 of the Dungeon.
             The game lasted 00:00:08 (2063 turns).

qw the Chopper (Tengu Warper)                       Turns: 2063, Time: 00:00:08

Health: 0/26       AC:  3    Str: 14    XL:     4   Next: 6%
Magic:  8/8        EV: 12    Int: 13    God:
Gold:   89         SH:  0    Dex: 13    Spells: 7/7 levels left

rFire   . . .      SeeInvis .   Y - +0 hand axe (chaos)
rCold   . . .      Faith    .   (no shield)
rNeg    . . .      Spirit   .   b - +0 leather armour
rPois   .          Reflect  .   (helmet restricted)
rElec   .          Harm     .   (no cloak)
rCorr   .          Rampage  .   (no gloves)
Will    .....                   (boots unavailable)
Stlth   +.........              (no amulet)
HPRegen 0.08/turn               (no ring)
MPRegen 0.11/turn               (no ring)

@: no status effects
A: beak, talons 3
a: no special abilities


You were on level 3 of the Dungeon.
You visited 1 branch of the dungeon, and saw 3 of its levels.

You collected 89 gold pieces.


Innate Abilities, Weirdness & Mutations

You have a beak for a mouth.
You have claws for feet.


   Skills:
 - Level 2.0 Fighting
 + Level 4.6 Axes
 - Level 1.0 Throwing
 - Level 1.1 Armour
 - Level 2.1 Dodging
 - Level 2.0 Spellcasting
 - Level 2.4 Translocations


You had 7 spell levels left.
You didn't know any spells.
Your spell library contained the following spells:

 Spells                   Type           Power      Damage    Failure   Level
 Blink                    Tloc           14%        N/A       19%         2
 Gell's Gravitas          Tloc           7%         N/A       34%         3
 Lesser Beckoning         Tloc           7%         N/A       34%         3
 Teleport Other           Tloc           7%         N/A       34%         3
 Manifold Assault         Tloc           7%         N/A       97%         5

Inventory:

Hand Weapons
 a - a +0 flail
 Y - a +0 hand axe of chaos (weapon)
Missiles
 e - 4 javelins
 m - 5 boomerangs (quivered)
Armour
 b - a +0 leather armour (worn)
Jewellery
 j - a ring of ice
Scrolls
 c - a scroll of identify
 d - a scroll of teleportation
Potions
 g - 2 potions of curing
 i - a potion of degeneration {unknown}

Dungeon Overview and Level Annotations

Branches:
Dungeon (3/15)

Altars:


Message History

You start resting.
HP restored.
2029 ||| DROPPING +0 whip.
You drop a +0 whip.
Things that are here:
a +0 flail; a gnoll corpse; a gnoll corpse A goblin is nearby!
2031 ||| Stepping ~*~*~tactically~*~*~ (stealth).
2032 ||| Stepping ~*~*~tactically~*~*~ (stealth).
2033 ||| Stepping ~*~*~tactically~*~*~ (stealth).
Throw: 5 boomerangs
Press: ? - help, Q - select action Shift-Dir - straight line, f - goblin You throw a boomerang.
The goblin shouts!
The boomerang hits the goblin!
You kill the goblin!
d - a scroll of teleportation
Items here: %%% )).
You now have 68 gold pieces (gained 15).
e - a javelin
Things that are here:
a +0 whip; a +0 leather armour
Things that are here:
a +0 club; a kobold corpse
e - 4 javelins (gained 3)
Found a dagger.
You now have 81 gold pieces (gained 13).
You now have 89 gold pieces (gained 8).
A gnoll comes into view. It is wielding a +0 halberd.
The gnoll shouts!
You hear a shout!
You hear an angry hiss.
A gnoll comes into view. It is wielding a +0 spear.
The gnoll hits you with a +0 halberd!
Ouch! That really hurt!
A ball python comes into view.
You hit the gnoll.
You feel better.
You claw the gnoll!
The gnoll is almost dead.
The gnoll hits you with a +0 halberd!
You hit the gnoll. You burn the gnoll.
You kill the gnoll!
The gnoll hits you from afar with a +0 spear!
You die...

# #...........#.#).....
#.#####.......#...)####
##.............#.##.#
....)...........>##.#
##..###.######.#.##.#
... 7.7 #...##.#
##.##77.77######....#
............... .####
##..#77@77#.... .. 7)7
#. #g# .S. .## .. ..
...


You could see a gnoll and a ball python.

Vanquished Creatures
  4 gnolls (D:3)
  2 dart slugs (D:2)
  An endoplasm (D:1)
  2 giant cockroaches
  A goblin (D:3)
  3 hobgoblins (D:2)
  4 jackals (D:2)
  A kobold (D:3)
  A quokka (D:1)
  2 bats
  6 frilled lizards
  2 rats (D:1)
29 creatures vanquished.

Notes
Turn   | Place    | Note
-------+----------+-------------------------------------------
     0 | D:1      | qw the Tengu Warper began the quest for the Orb.
     0 | D:1      | Reached XP level 1. HP: 12/12 MP: 4/4
     0 | D:1      | 0 ||| qw: Version: 0.1-a-89-g26bdef1
     0 | D:1      | 0 ||| qw: Game counter: 2475
     0 | D:1      | 0 ||| qw: Always use a shield: true
     0 | D:1      | 0 ||| qw: God list: Okawaru
     0 | D:1      | 0 ||| qw: Allow faded altars: false
     0 | D:1      | 0 ||| qw: Do Orc after D:15 true
     0 | D:1      | 0 ||| qw: Do second Lair branch before Depths: true
     0 | D:1      | 0 ||| qw: Lair rune preference: random
     0 | D:1      | 0 ||| qw: Plans: Normal
     0 | D:1      | 0 ||| PLANNING D:1-11
     2 | D:1      | Noticed a meteoran
     2 | D:1      | Noticed a vine stalker
     4 | D:1      | Noticed a gargoyle
     4 | D:1      | Noticed an elf
     6 | D:1      | Noticed a draconian
     8 | D:1      | Noticed a demigod
     8 | D:1      | Noticed a minotaur
    11 | D:1      | Noticed a palentonga
    11 | D:1      | Noticed an ogre
    13 | D:1      | Noticed a merfolk
    13 | D:1      | Noticed a tengu
    15 | D:1      | Noticed a troll
    17 | D:1      | Noticed a felid
    19 | D:1      | Noticed a naga
    19 | D:1      | Noticed a formicid
    21 | D:1      | Noticed a vampire
    21 | D:1      | Noticed a human
    23 | D:1      | Noticed an octopode
    23 | D:1      | Noticed a spriggan
    25 | D:1      | Noticed a naga
    25 | D:1      | Noticed a demonspawn
    27 | D:1      | Noticed a vampire
    27 | D:1      | Noticed a palentonga
   403 | D:1      | Reached skill level 3 in Axes
   403 | D:1      | Reached XP level 2. HP: 15/17 MP: 6/6
   681 | D:1      | Found a faded altar of an unknown god.
   872 | D:1      | 872 ||| READING scroll labelled PAJ BETOUS.
   873 | D:1      | 873 ||| DRINKING 3 fuming ruby potions.
   874 | D:1      | 874 ||| DROPPING scroll of blinking.
   875 | D:1      | 875 ||| Stepping randomly (stuck).
   876 | D:1      | 876 ||| Stepping ~*~*~tactically~*~*~ (cloud).
   877 | D:1      | 877 ||| DRINKING 2 potions of curing.
   877 | D:1      | 877 ||| (to cure poison)
  1405 | D:2      | 1405 ||| Stepping ~*~*~tactically~*~*~ (stealth).
  1407 | D:2      | 1407 ||| Stepping ~*~*~tactically~*~*~ (hiding).
  1662 | D:2      | Reached XP level 3. HP: 16/21 MP: 7/7
  1926 | D:2      | 1926 ||| READING scroll labelled ZOUVUM XUSO.
  1927 | D:2      | 1927 ||| READING 2 scrolls labelled JUCISI ZY FOAB.
  1928 | D:2      | 1928 ||| READING scroll labelled CANTYFAISH.
  1929 | D:2      | 1929 ||| READING scroll labelled MOMOSO VUNTUYNG.
  1930 | D:2      | 1930 ||| READING scroll labelled MAMMIL WIEPE.
  1934 | D:2      | 1934 ||| DRINKING 3 fuming sapphire potions.
  1935 | D:2      | 1935 ||| DROPPING 2 potions of invisibility.
  1977 | D:3      | 1977 ||| Stepping ~*~*~tactically~*~*~ (stealth).
  1979 | D:3      | Reached skill level 4 in Axes
  1983 | D:3      | 1983 ||| Stepping ~*~*~tactically~*~*~ (stealth).
  1992 | D:3      | Reached XP level 4. HP: 23/26 MP: 8/8
  2000 | D:3      | 2000 ||| FLEEEEING.
  2003 | D:3      | 2003 ||| FLEEEEING.
  2026 | D:3      | 2026 ||| Stepping ~*~*~tactically~*~*~ (stealth).
  2029 | D:3      | 2029 ||| DROPPING +0 whip.
  2031 | D:3      | 2031 ||| Stepping ~*~*~tactically~*~*~ (stealth).
  2032 | D:3      | 2032 ||| Stepping ~*~*~tactically~*~*~ (stealth).
  2033 | D:3      | 2033 ||| Stepping ~*~*~tactically~*~*~ (stealth).
  2063 | D:3      | Slain by a gnoll

Levels and vault maps discovered:
D:1:      kb_arrival_jail, layout_basic, ebering_ecumenical_altar_hall,
          chequers_arboretum
D:2:      layout_loops_ring, chequers_garden
D:3:      layout_basic, amcnicky_altar_gilded, kennysheep_cross_bottleneck,
          minmay_tree_intersection

Skill      XL: |  1  2  3 |
---------------+----------+-----
Axes           | 3 4 |  4.6
Fighting       | |  2.0
Throwing       | |  1.0
Armour         | |  1.1
Dodging        | |  2.1
Spellcasting   | |  2.0
Translocations | |  2.4

Action                   |  1- 3 |  4- 6 || total
-------------------------+-------+-------++-------
Melee: Hand axe          |    53 |     2 ||    55
       Kick              |     9 |     1 ||    10
       Peck              |    10 |       ||    10
Throw: Boomerang         |    10 |     1 ||    11
       Javelin           |     7 |       ||     7
  Use: Potion            |     3 |       ||     3
       Scroll            |     6 |       ||     6
Armor: Leather armour    |    11 |       ||    11
Dodge: Dodged            |    31 |       ||    31

Table legend:
 A = Non-vault XP
 B = Vault XP
 C = Vault XP percentage of total XP
 D = Non-vault monster count
 E = Vault monster count
 F = Vault count percentage of total count
                 A         B        C        D         E       F
            +---------+---------+-------+---------+---------+-------
      Total |     102 |       0 |   0.0 |      29 |       0 |   0.0
            +---------+---------+-------+---------+---------+-------
        D:1 |      14 |       0 |   0.0 |      11 |       0 |   0.0
        D:2 |      27 |       0 |   0.0 |      12 |       0 |   0.0
        D:3 |      61 |       0 |   0.0 |       6 |       0 |   0.0
            +---------+---------+-------+---------+---------+-------
